 Dungeon Crawl Stone Soup version 0.29-a0-474-gdfe5cd140f (webtiles) character file.

Game seed: 2146222591865572160

3235 zeratav the Slicer (level 10, 0/66 HPs)
             Began as a Kobold Gladiator on May 24, 2022.
             Was a Believer of Wu Jian.
             Succumbed to Amaemon's poison
             ... on level 8 of the Dungeon.
             The game lasted 00:15:27 (9048 turns).

zeratav the Slicer (Kobold Gladiator)               Turns: 9048, Time: 00:15:28

Health: 0/66       AC:  9    Str: 12    XL:     10   Next: 18%
Magic:  10/10      EV: 20    Int: 13    God:    Wu Jian [**....]
Gold:   507        SH:  0    Dex: 21    Spells: 9/9 levels left

rFire   . . .      SeeInvis .   g - +6 whip of Sivvaoh {drain, Int+4, mace}
rCold   . . .      Faith    .   (no shield)
rNeg    . . .      Spirit   .   B - +0 steam dragon scales
rPois   +          Reflect  .   c - +0 helmet
rElec   .          Harm     .   (no cloak)
rCorr   .          Rampage  .   C - +2 pair of gloves
Will    .....                   (no boots)
Stlth   +++++.....              (no amulet)
HPRegen 0.21/turn               h - ring of poison resistance
MPRegen 0.12/turn               (no ring)

@: lethally poisoned (0 -> -10)
A: small, no large weapons, nightstalker 3
a: Renounce Religion, Wall Jump


You were on level 8 of the Dungeon.
You worshipped Wu Jian.
Wu Jian was pleased with you.
You visited 2 branches of the dungeon, and saw 9 of its levels.
You also visited: Sewer.

You collected 521 gold pieces.
You spent 14 gold pieces at shops.


Innate Abilities, Weirdness & Mutations

You are small and have problems with some larger weapons.
You are completely attuned to the shadows.


   Skills:
 + Level 9.5 Fighting
 - Level 10.0 Short Blades
 - Level 2.1 Throwing
 - Level 8.0 Dodging
 - Level 8.0 Stealth


You had 9 spell levels left.
You didn't know any spells.
Your spell library contained the following spells:

 Spells                   Type           Power      Damage    Failure   Level
 Beastly Appendage        Tmut           0%         N/A       30%         1
 Wereblood                Tmut           0%         N/A       43%         2
 Dazzling Flash           Conj/Hex       0%         N/A       67%         3
 Spider Form              Tmut/Pois      0%         N/A       67%         3
 Agony                    Necr           0%         N/A       100%        5
 Silence                  Hex/Air        0%         N/A       100%        5

Inventory:

Hand Weapons
 a - a +0 rapier {short}
 g - the +6 whip of Sivvaoh (weapon) {drain, Int+4, mace}
   (You found it on level 5 of the Dungeon)

   A truly terrible weapon, it drains the life of any living foe it strikes.
   Int:       It affects your intelligence (+4).
 o - a +3 whip {mace}
   (You took it off a kobold in a sewer)
 q - a +2 short sword of flaming {short}
   (You took it off a kobold in a sewer)
 v - a +2 short sword of venom {short}
   (You found it on level 2 of the Dungeon)
 U - a +3 short sword {short}
   (You took it off an orc on level 8 of the Dungeon)
Missiles
 d - 3 throwing nets (quivered) {=fthrowing}
 e - 13 boomerangs {throwing}
Armour
 b - the +6 scale mail of the Nexus {Str+5}
   (You found it on level 5 of the Dungeon)

   Str:       It affects your strength (+5).
 c - a +0 helmet (worn)
 z - an orb of guile
   (You found it on level 4 of the Dungeon)
 B - +0 steam dragon scales (worn)
   (You found it on level 5 of the Dungeon)
 C - a +2 pair of gloves (worn)
   (You found it on level 5 of the Dungeon)
 D - a +0 chain mail
   (You took it off an orc on level 7 of the Dungeon)
 H - a +0 robe
   (You took it off an orc wizard on level 7 of the Dungeon)
 I - a +0 chain mail
   (You took it off an orc priest on level 7 of the Dungeon)
 J - a +0 robe
   (You took it off an orc wizard on level 7 of the Dungeon)
 P - a +0 ring mail
   (You took it off an orc on level 7 of the Dungeon)
 Q - a +1 cloak of poison resistance
   (You took it off Crazy Yiuf on level 7 of the Dungeon)
 R - a +0 robe
   (You took it off Psyche on level 8 of the Dungeon)
 S - a +0 leather armour
   (You took it off an orc on level 8 of the Dungeon)
 T - a +2 scale mail of willpower
   (You took it off an orc on level 7 of the Dungeon)
 V - a +0 robe
   (You took it off an orc wizard on level 8 of the Dungeon)
Jewellery
 h - a ring of poison resistance (left hand)
   (You found it on level 1 of the Dungeon)
 M - a ring of protection from fire
   (You found it on level 6 of the Dungeon)
Wands
 m - a wand of flame (19)
   (You found it on level 5 of the Dungeon)
 p - a wand of polymorph (8)
   (You took it off Jessica on level 2 of the Dungeon)
 E - a wand of digging (5)
   (You took it off Ijyb on level 5 of the Dungeon)
Scrolls
 f - a scroll of fear
 j - 2 scrolls of teleportation {unknown}
 s - a scroll of immolation {!r!r}
 x - 6 scrolls of identify {unknown}
 y - a scroll of poison {unknown}
 F - 3 scrolls of magic mapping {unknown}
 K - a scroll of brand weapon {unknown}
 L - a scroll of silence {unknown}
Potions
 i - a potion of cancellation
 k - 2 potions of flight {unknown}
 n - 3 potions of might {unknown}
 r - 3 potions of mutation {unknown}
 t - a potion of resistance {unknown}
 u - a potion of attraction {unknown}
 w - a potion of lignification {unknown}
 G - a potion of brilliance {unknown}
 N - a potion of invisibility {unknown}
 O - a potion of magic {unknown}

Dungeon Overview and Level Annotations

Branches:
Dungeon (8/15)             Temple (1/1) D:4           Sewer (visited)
   Lair: D:8-11

Altars:
Ashenzari
Cheibriados
Dithmenos
Elyvilon
Fedhas
Gozag
Hepliaklqana
Kikubaaqudgha
Makhleb
Nemelex Xobeh
Okawaru
Qazlal
Ru
Sif Muna
Trog
Uskayaw
Vehumet
Wu Jian
Xom
Yredelemnul
Zin
The Shining One

Shops:
D:3 :   D:5 !

Annotations:
D:8 Amaemon

###### ####6....
....@!.?.
#.####.#### #.
#)....#
#.###.....#
###.##))....#
....†.).....# .
... ###...)#....#
.
....#####.........
.
..........####....


You could see Amaemon (very drained).


Message History

You hear some strange, mumbled words.
A puff of flame appears from out of thin air!
The puff of flame hits you!
HP[-8]
You take 8 damage, and now have 57/66 hp.
You whack something! The Council accepts your kill.
Reactivating autopickup.
You feel a bit more experienced.
Amaemon the Diabolical Poisoner comes into view.
He is wielding a +1 demon whip of venom.
HP[+1]
You lunge at Amaemon.
You catch the helpless Amaemon completely off-guard!
You hit Amaemon. Amaemon misses you. Amaemon claws you but does no damage.
Amaemon misses you.
You closely miss Amaemon.
Amaemon hits you with a +1 demon whip of venom!
You are poisoned.
Amaemon completely misses you. Amaemon tail-slaps you.
HP[-13]
You take 13 damage, and now have 45/66 hp.
You hit Amaemon. You drain Amaemon.
You feel very sick. Amaemon misses you. Amaemon claws you but does no damage.
Amaemon barely misses you.
HP[-4]
You take 4 damage, and now have 41/66 hp.
You whack Amaemon!
You feel very sick.
Amaemon barely misses you. x2; Amaemon closely misses you.
HP[-3]
You take 3 damage, and now have 38/66 hp.
You whack Amaemon!
You feel very sick. Amaemon misses you. Amaemon claws you!
* * * LOW HITPOINT WARNING * * *
Amaemon completely misses you.
HP[-11]
You take 11 damage, and now have 27/66 hp.
You hit Amaemon.
You feel sick. Amaemon misses you. x2
Amaemon barely misses you.
HP[-2]
You take 2 damage, and now have 25/66 hp.
You whack Amaemon!
You feel sick.
Amaemon hits you with a +1 demon whip of venom!
* * * LOW HITPOINT WARNING * * *
Amaemon completely misses you. Amaemon misses you.
HP[-9]
You take 9 damage, and now have 16/66 hp.
You whack Amaemon!
You feel sick.
Amaemon says, "Afraid of a little sting?"
Amaemon hits you with a +1 demon whip of venom!
* * * LOW HITPOINT WARNING * * *
Amaemon misses you. Amaemon closely misses you.
HP[-9]
You take 9 damage, and now have 7/66 hp.
You feel better.
Amaemon hits you with a +1 demon whip of venom!
* * * LOW HITPOINT WARNING * * *
Amaemon misses you.
Amaemon tail-slaps you but does no damage.
HP[-2]
You take 2 damage, and now have 5/66 hp.
You feel much better. Amaemon closely misses you. Amaemon misses you.
Amaemon tail-slaps you but does no damage.
HP[+24]
You regained 24 hp, and now have 29/66 hp.
You closely miss Amaemon. You punch Amaemon, but do no damage.
Amaemon closely misses you. Amaemon misses you. Amaemon completely misses you.
You hit Amaemon but do no damage.
Amaemon hits you with a +1 demon whip of venom.
* * * LOW HITPOINT WARNING * * *
Amaemon closely misses you. Amaemon tail-slaps you.
* * * LOW HITPOINT WARNING * * *
Amaemon hits you with a +1 demon whip of venom!
* * * LOW HITPOINT WARNING * * *
You are lethally poisoned!
Amaemon barely misses you. x2
HP[-13]
You take 13 damage, and now have 16/66 hp.
Okay, then.
You whack Amaemon! You drain Amaemon.
* * * LOW HITPOINT WARNING * * *
You feel very sick.
Amaemon hits you with a +1 demon whip of venom.
* * * LOW HITPOINT WARNING * * *
Amaemon closely misses you.
Amaemon tail-slaps you but does no damage.
HP[-9]
You take 9 damage, and now have 7/66 hp.
You whack Amaemon!
* * * LOW HITPOINT WARNING * * *
You feel very sick. Amaemon misses you. Amaemon claws you.
* * * LOW HITPOINT WARNING * * *
Amaemon tail-slaps you but does no damage.
HP[-4]
You take 4 damage, and now have 3/66 hp.
You hit Amaemon. You drain Amaemon.
You die...

Skill      XL: |  1  2  3  4  5  6  7  8  9 10 |
---------------+-------------------------------+-----
Short Blades   | 5 6 7 9 10 | 10.0
Fighting       | 5 8 9 |  9.5
Dodging        | 5 8 |  8.0
Stealth        | 8 |  8.0
Throwing       | |  2.1

Action                   |  1- 3 |  4- 6 |  7- 9 | 10-12 || total
-------------------------+-------+-------+-------+-------++-------
Melee: Rapier            |    79 |   108 |   117 |       ||   304
       Punch             |     1 |     2 |     6 |     1 ||    10
       Unarmed           |       |     5 |       |       ||     5
       Whip              |       |       |   314 |    56 ||   370
       Short sword       |       |       |     1 |       ||     1
Invok: Lunge             |       |       |    30 |     3 ||    33
       Whirlwind         |       |       |     7 |     2 ||     9
 Abil: Wall Jump         |       |       |     1 |       ||     1
  Use: Scroll            |       |     5 |       |       ||     5
       Potion            |       |       |     5 |     2 ||     7
 Stab: Sleeping          |     8 |    12 |    16 |     1 ||    37
       Distracted        |       |       |     1 |     2 ||     3
Armor: Leather armour    |    12 |    14 |    19 |       ||    45
       Skin              |       |     2 |       |       ||     2
       Steam dragon scal |       |       |    58 |    20 ||    78
Dodge: Dodged            |    49 |    61 |   317 |    69 ||   496

Levels and vault maps discovered:
D:1:      dpeg_arrival_yet_another_circle, layout_basic, wad_floor_pattern_1,
          minmay_misc_feat_hallway
D:2:      layout_basic, nicolae_ecumenical_lake_church, basic_altar,
          minmay_distorted, uniq_jessica
D:3:      layout_rooms, mainiacjoe_overflow_boulevard, serial_shops,
          nicolae_shop_stone, serial_bayou_crossing
D:4:      layout_loops_cross, minmay_temple_entry_glass, uniq_grinder
D:5:      layout_gridville, serial_shops, kennysheep_mini_moat,
          cheibrodos_sewer_entry_bend, uniq_duvessa, uniq_ijyb
D:6:      cheibrodos_iron_armory, layout_loops_ring
D:7:      layout_basic, nrook_mini_vaults, uniq_menkaure, uniq_prince_ribbit1,
          uniq_crazy_yiuf_cottage
D:8:      statuecave_lemuel, layout_rooms, uniq_psyche, uniq_joseph,
          uniq_amaemon
Temple:   mainiacjoe_temple_hex_bubbles

Notes
Turn   | Place    | Note
-------+----------+-------------------------------------------
     0 | D:1      | zeratav the Kobold Gladiator began the quest for the Orb.
     0 | D:1      | Reached XP level 1. HP: 12/12 MP: 1/1
     0 | D:1      | magus.rc [v1.9.6]
   171 | D:1      | Reached XP level 2. HP: 17/17 MP: 2/2
   357 | D:1      | Reached skill level 5 in Short Blades
   403 | D:1      | You pick up a book of the Senses and begin reading...
   403 | D:1      | You add the spells Dazzling Flash, Agony and Silence to
                  | your library.
   814 | D:1      | Reached XP level 3. HP: 21/21 MP: 3/3
  1090 | D:2      | Found a glowing silver altar of Zin.
  1093 | D:2      | Reached skill level 6 in Short Blades
  1114 | D:2      | Reached XP level 4. HP: 26/26 MP: 4/4
  1143 | D:2      | Noticed Jessica
  1152 | D:2      | Killed Jessica
  1430 | D:2      | Found a faded altar of an unknown god.
  1580 | D:2      | Reached skill level 7 in Short Blades
  1584 | D:2      | Reached XP level 5. HP: 30/30 MP: 5/5
  1741 | D:3      | Found a glowing silver altar of Zin.
  2075 | D:3      | You fall into a shaft and drop 1 floor!
  2257 | D:3      | You pick up a book of Changes and begin reading...
  2257 | D:3      | You add the spells Beastly Appendage, Wereblood and Spider
                  | Form to your library.
  2295 | D:3      | Reached skill level 8 in Short Blades
  2307 | D:3      | Found Atople's Book Shoppe.
  2744 | D:4      | Noticed an ogre
  2882 | D:4      | Noticed Grinder
  2890 | D:4      | HP: 1/30 [Grinder (7)]
  2893 | D:4      | Killed Grinder
  2894 | D:4      | Reached skill level 9 in Short Blades
  2894 | D:4      | Reached XP level 6. HP: 2/35 MP: 6/6
  2894 | D:4      | Reached XP level 7. HP: 2/40 MP: 7/7
  3276 | D:4      | Found a staircase to the Ecumenical Temple.
  3287 | Temple   | Entered the Ecumenical Temple
  3565 | Temple   | Became a worshipper of the Wu Jian Council
  3857 | D:5      | Entered Level 5 of the Dungeon
  3899 | D:5      | Found Yweng's Distillery.
  3902 | D:5      | Bought a potion of degeneration for 14 gold pieces
  4022 | D:5      | Reached skill level 10 in Short Blades
  4041 | D:5      | Identified the +6 whip of Sivvaoh {drain, Int+4}
  4131 | D:5      | Found a glowing drain.
  4139 | Sewer    | Entered a sewer
  4182 | Sewer    | HP: 7/40 [kobold brigand/+0 whip (6)]
  4188 | Sewer    | Reached skill level 3 in Fighting
  4213 | Sewer    | Reached skill level 4 in Fighting
  4245 | Sewer    | HP: 11/44 [kobold/+0 dagger (2)]
  4247 | Sewer    | HP: 2/44 [kobold/bolt (7)]
  4264 | Sewer    | HP: 11/44 [kobold/+3 whip (7)]
  4657 | Sewer    | Reached skill level 5 in Fighting
  4657 | Sewer    | Reached XP level 8. HP: 43/49 MP: 8/8
  4716 | Sewer    | Reached * piety under Wu Jian
  5180 | D:5      | HP: 10/51 [something (5)]
  5181 | D:5      | Reached skill level 6 in Fighting
  5442 | D:5      | Identified the +6 scale mail of the Nexus {Str+5}
  5464 | D:5      | Noticed Ijyb
  5476 | D:5      | Killed Ijyb
  5552 | D:5      | Reached skill level 7 in Fighting
  5907 | D:5      | Noticed Duvessa
  5907 | D:5      | Noticed Dowan
  5939 | D:5      | Killed Duvessa
  5940 | D:5      | Reached skill level 8 in Fighting
  5940 | D:5      | Reached skill level 4 in Dodging
  5955 | D:5      | Killed Dowan
  6245 | D:6      | Reached skill level 5 in Dodging
  6245 | D:6      | Reached XP level 9. HP: 47/59 MP: 9/9
  6405 | D:6      | Reached skill level 6 in Dodging
  6697 | D:6      | Reached skill level 7 in Dodging
  7055 | D:7      | Reached skill level 8 in Dodging
  7057 | D:7      | Reached ** piety under Wu Jian
  7079 | D:7      | Reached skill level 1 in Stealth
  7235 | D:7      | Reached skill level 2 in Stealth
  7369 | D:7      | Noticed Prince Ribbit
  7383 | D:7      | Killed Prince Ribbit
  7384 | D:7      | Reached skill level 4 in Stealth
  7455 | D:7      | Reached skill level 5 in Stealth
  7730 | D:7      | Noticed Menkaure
  7738 | D:7      | HP: 11/59 [??? (9)]
  7741 | D:7      | Killed Menkaure
  7742 | D:7      | Reached skill level 6 in Stealth
  7949 | D:7      | Reached skill level 7 in Stealth
  8436 | D:7      | Found a runed translucent door.
  8439 | D:7      | Noticed Crazy Yiuf
  8449 | D:7      | Killed Crazy Yiuf
  8450 | D:7      | Reached skill level 8 in Stealth
  8737 | D:8      | Reached XP level 10. HP: 64/64 MP: 10/10
  8747 | D:8      | Noticed Psyche
  8757 | D:8      | Killed Psyche
  8758 | D:8      | Reached skill level 9 in Fighting
  9032 | D:8      | Noticed Amaemon
  9040 | D:8      | HP: 16/66 [Amaemon/+1 demon whip of venom (8)]
  9041 | D:8      | HP: 7/66 [Amaemon/+1 demon whip of venom (8)]
  9046 | D:8      | HP: 11/66 [poisoned by Amaemon]
  9047 | D:8      | HP: 5/66 [poisoned by Amaemon]
  9048 | D:8      | Succumbed to Amaemon's poison

Vanquished Creatures
  Psyche (D:8)
  Grinder (D:4)
  Prince Ribbit (D:7)
  A steam dragon (D:5)
  Menkaure (D:7)
  A water moccasin (D:7)
  Duvessa (D:5)
  4 black bears
  An ice beast (D:6)
  An ogre (D:7)
  A centaur (D:5)
  2 phantoms (D:5)
  4 kobold brigands (Sewer)
  Dowan (D:5)
  2 howler monkeys (D:6)
  3 hounds
  Crazy Yiuf (D:7)
  3 orc priests (D:7)
  3 gnoll shamans
  An iguana (D:5)
  Jessica (D:2)
  Ijyb (D:5)
  5 orc wizards
  8 adders
  17 gnolls
  A white imp (D:7)
  2 ufetubi
  5 worms
  3 dart slugs
  37 orcs
  7 ball pythons
  7 bats
  10 endoplasms
  7 giant cockroaches
  5 goblins
  6 hobgoblins
  8 jackals
  4 quokkas
  A frilled lizard (D:1)
  19 kobolds
  5 rats
193 creatures vanquished.

Vanquished Creatures (others)
  A fungus (D:7)
  9 plants
10 creatures vanquished.

Grand Total: 203 creatures vanquished

Table legend:
 A = Non-vault XP
 B = Vault XP
 C = Vault XP percentage of total XP
 D = Non-vault monster count
 E = Vault monster count
 F = Vault count percentage of total count
                 A         B        C        D         E       F
            +---------+---------+-------+---------+---------+-------
      Total |    2718 |    1904 |  41.2 |     154 |      39 |  20.2
            +---------+---------+-------+---------+---------+-------
        D:1 |      60 |       0 |   0.0 |      25 |       0 |   0.0
        D:2 |      57 |      56 |  49.6 |      20 |       5 |  20.0
        D:3 |      61 |       0 |   0.0 |      17 |       0 |   0.0
        D:4 |      42 |     277 |  86.8 |       9 |       1 |  10.0
        D:5 |     630 |     251 |  28.5 |      14 |       4 |  22.2
        D:6 |     535 |       0 |   0.0 |      22 |       0 |   0.0
        D:7 |    1013 |     483 |  32.3 |      36 |       3 |   7.7
        D:8 |     320 |     404 |  55.8 |      11 |       1 |   8.3
      Sewer |       0 |     433 | 100.0 |       0 |      25 | 100.0
            +---------+---------+-------+---------+---------+-------

Illustrated notes

Table legend:
 A = Kills in this place as a percentage of kills in entire the game.
 B = Kills by you in this place as a percentage of kills by you in the entire game.
 C = Kills by friends in this place as a percentage of kills by friends in the entire game.
 D = Other kills in this place as a percentage of other kills in the entire game.
 E = Experience gained in this place as a percentage of experience gained in the entire game.
 F = Experience gained in this place divided by the number of levels of this place that you have seen.
                   A       B       C       D       E      F
               +-------+-------+-------+-------+-------+----------------------
         Total | 100.0 | 100.0 |   N/A | 100.0 | 100.0 | 462.2
       Dungeon |  87.0 |  87.0 |   N/A | 100.0 |  90.6 | 523.6
         Sewer |  13.0 |  13.0 |   N/A |   0.0 |   9.4 | 433.0
               +-------+-------+-------+-------+-------+----------------------

Table legend: (Time is in decaauts)
 A = Elapsed time spent in this place.
 B = Non-inter-level travel time spent in this place.
 C = Inter-level travel time spent in this place.
 D = Time resting spent in this place.
 E = Time spent auto-exploring this place.
 F = Levels seen in this place.
 G = Mean time per level.
                   A        B        C        D        E       F      G
               +--------+--------+--------+--------+--------+-----+--------+
         Total |   9075 |   8867 |    208 |   1640 |   5727 |  10 |  907.5 |
       Dungeon |   8134 |   7955 |    179 |   1403 |   5411 |   8 | 1016.8 |
        Temple |    293 |    264 |     29 |      0 |    250 |   1 |  293.0 |
         Sewer |    647 |    647 |      0 |    237 |     66 |   1 |  647.0 |
               +--------+--------+--------+--------+--------+-----+--------+

Top non-repeatable levels by time:
     D:7: 1723 daAuts
     D:5: 1722 daAuts
     D:1: 1070 daAuts
     D:4: 1068 daAuts
     D:6: 833 daAuts
     D:3: 728 daAuts
     D:2: 677 daAuts
   Sewer: 647 daAuts
     D:8: 308 daAuts
  Temple: 293 daAuts
